 Dungeon Crawl Stone Soup version 0.30-a0-782-ge64f9170bb (console) character file.

Game seed: 895103804538483017

124 rlgrobin the Covert (level 4, 0/27 HPs)
             Began as a Deep Elf Delver on Feb 19, 2023.
             Succumbed to an adder's poison
             ... on level 3 of the Dungeon.
             The game lasted 00:04:10 (510 turns).

rlgrobin the Covert (Deep Elf Delver)                Turns: 510, Time: 00:04:10

Health: 0/27       AC:  3    Str:  9    XL:     4   Next: 81%
Magic:  6/6        EV: 12    Int: 17    God:
Gold:   22         SH:  0    Dex: 16    Spells: 3/4 levels left

rFire   . . .      SeeInvis .    a - +0 short sword
rCold   . . .      Faith    .    (no shield)
rNeg    . . .      Spirit   .    b - +0 leather armour
rPois   .          Reflect  .    (no helmet)
rElec   .          Harm     .    (no cloak)
rCorr   .          Rampage  .    (no gloves)
Will    .....                    (no boots)
Stlth   ++++                     (no amulet)
HPRegen 0.24/turn                (no ring)
MPRegen 0.10/turn                (no ring)

@: lethally poisoned (0 -> -6), attractive
A: no striking features
a: no special abilities


You were on level 3 of the Dungeon.
You visited 1 branch of the dungeon, and saw 3 of its levels.

You collected 22 gold pieces.

Inventory:

Hand Weapons
 a - a +0 short sword (weapon)
Armour
 b - a +0 leather armour (worn)
Wands
 g - a wand of digging (2)
 h - a wand of mindburst (18)
Scrolls
 c - a scroll of fog
 d - a scroll of magic mapping
 e - a scroll of fear
 k - a scroll of brand weapon {unknown}
Potions
 f - a potion of haste
 i - a potion of attraction


   Skills:
 - Level 2.4 Fighting
 - Level 2.0 Short Blades
 - Level 2.4 Dodging
 - Level 8.6 Stealth
 + Level 0.6 Spellcasting
 + Level 0.3 Earth Magic


You had 3 spell levels left.
You knew the following spells:

 Your Spells              Type           Power      Damage    Failure   Level
a - Sandblast             Erth           2%         2d4       26%         1

Your spell library contained the following spells:

 Spells                   Type           Power      Damage    Failure   Level
 Sting                    Tmut/Pois      0%         1d3       32%         1
 Lehudib's Crystal Spear  Conj/Erth      0%         10d2      100%        8


Dungeon Overview and Level Annotations

Branches:
Dungeon (5/15)
 Temple: D:4-7

Altars:
Vehumet


Message History

The adder poisons you!
It was a potion of attraction.
You feel attractive to monsters.
* * * LOW HITPOINT WARNING * * *
You feel very sick. The adder bites you but does no damage.
It was a potion of ambrosia.
You are confused.
You feel invigorated.
You feel very sick. The adder closely misses you.
The adder bites you but does no damage.
You feel sick. The adder bites you.
You feel sick. The adder barely misses you.
Your magical contamination has completely faded away.
You feel less invigorated.
You feel less confused.
You feel sick. The adder bites you.
You are more poisoned.
The adder poisons you! The adder bites you.
You are lethally poisoned!
The adder poisons you!
You feel very sick. The adder closely misses you.
You miss the adder.
The adder is heavily wounded.
You feel sick. The adder bites you.
* * * LOW HITPOINT WARNING * * *
You hit the adder.
The adder is severely wounded.
* * * LOW HITPOINT WARNING * * *
You feel very sick. The adder barely misses you.
Okay, then.
You hit the adder.
The adder is almost dead.
* * * LOW HITPOINT WARNING * * *
You feel sick. The adder barely misses you.
You closely miss the adder. Your punch misses the adder.
The adder is almost dead.
You die...

##≈##
#.###[##.# #.#
#≈# #.# #.# #.#
#≈# ..# #.#
#.#### ### ####
#.# #..... #.#
.# ###### #.#
#.# #.# #.# #.#
#.### #@#
#...#### #S#
≈~~~≈≈≈#
#o#####...####.
#K.....K.......
#######........
#...#..o.
#<#..K#..
.b##.## ..# ...


You could see an adder, an orc and a kobold.

Vanquished Creatures
  A water moccasin (D:5)
  An adder (D:5)
  An orc (D:3)
  A goblin (D:3)
  2 hobgoblins
  2 kobolds (D:3)
  A ball python (D:3)
9 creatures vanquished.

Notes
Turn   | Place    | Note
-------+----------+-------------------------------------------
     0 | D:5      | rlgrobin the Deep Elf Delver began the quest for the Orb.
     0 | D:5      | Reached XP level 1. HP: 13/13 MP: 3/3
    14 | D:5      | Noticed a water moccasin
    20 | D:5      | Killed a water moccasin
    21 | D:5      | Reached skill level 8 in Stealth
    21 | D:5      | Reached XP level 2. HP: 18/18 MP: 4/4
    21 | D:5      | Reached XP level 3. HP: 22/22 MP: 5/5
    21 | D:5      | Reached XP level 4. HP: 27/27 MP: 6/6
    26 | D:4      | Noticed a scorpion
    79 | D:5      | Found a radiant altar of Vehumet.
   176 | D:5      | Got Seseceq's Tractate on the Altered Quarry
   190 | D:5      | Learned a level 1 spell: Sandblast
   510 | D:3      | Succumbed to an adder's poison

Illustrated notes

Levels and vault maps discovered:
D:3:      layout_loops_ring, serial_rivers, chequers_serial_rivers_marsh,
          chequers_serial_rivers_micro_b, chequers_serial_rivers_micro_e,
          chequers_serial_rivers_room_a, chequers_serial_rivers_large_b,
          chequers_serial_rivers_micro_a, chequers_serial_rivers_micro_a
D:4:      layout_basic
D:5:      layout_layer_cave, lemuel_crystal_altar, minmay_misc_feat_rows,
          uniq_pikel

Skill      XL: |  1 |
---------------+----+-----
Stealth        | 8 |  8.6
Fighting       | |  2.4
Short Blades   | |  2.0
Dodging        | |  2.4
Spellcasting   | |  0.6
Earth Magic    | |  0.3

Action                     |  1- 3 |  4- 6 || total
---------------------------+-------+-------++-------
  Melee: Short sword       |       |    28 ||    28
   Cast: Sandblast         |       |     4 ||     4
  Evoke: Wand              |     3 |     2 ||     5
    Use: Potion            |       |     2 ||     2
         Scroll            |       |     1 ||     1
   Stab: Sleeping          |       |     1 ||     1
 Armour: Leather armour    |       |     6 ||     6
  Dodge: Dodged            |       |    27 ||    27

Table legend: (Time is in decaauts)
 A = Elapsed time spent in this place.
 B = Non-inter-level travel time spent in this place.
 C = Inter-level travel time spent in this place.
 D = Time resting spent in this place.
 E = Time spent auto-exploring this place.
 F = Levels seen in this place.
 G = Mean time per level.
                   A        B        C        D        E       F      G
               +--------+--------+--------+--------+--------+-----+--------+
         Total |    510 |    510 |      0 |      0 |      0 |   3 |  170.0 |
       Dungeon |    510 |    510 |      0 |      0 |      0 |   3 |  170.0 |
               +--------+--------+--------+--------+--------+-----+--------+

Top non-repeatable levels by time:
     D:3: 233 daAuts
     D:5: 190 daAuts
     D:4: 86 daAuts
